 Dungeon Crawl Stone Soup version 0.31-a0-744-gbc345e7fcb (webtiles) character file.

Game seed: 11895203701274706415

3462 garrulousMonolith the Geomancer (level 10, -2/60 HPs)
             Began as a Gargoyle Earth Elementalist on Sept 13, 2023.
             Was a Follower of Sif Muna.
             Slain by a two-headed ogre
             ... wielding a +0 giant club
              (16 damage)
             ... on level 8 of the Dungeon.
             The game lasted 00:10:51 (7589 turns).

garrulousMonolith the Geomancer (GrEE)              Turns: 7589, Time: 00:10:52

Health: -2/60      AC: 16    Str: 17    XL:     10   Next: 6%
Magic:  11/17      EV: 17    Int: 20    God:    Sif Muna [*.....]
Gold:   510        SH:  5    Dex: 10    Spells: 9/19 levels left

rFire   . . .        A - +7 Throatcutter {drain, coup de grace}
rCold   . . .        (no shield)
rNeg    + . .        w - +0 steam dragon scales
rPois   ∞            (no helmet)
rElec   +            (no cloak)
rCorr   .            (no gloves)
SInv    .            j - +2 pair of boots
Will    +....        i - amulet of reflection
Stlth   ++           c - +5 ring of evasion
HPRegen 0.30/turn    F - ring "Xosorghub" {Will+ Str+5}
MPRegen 0.15/turn

%: reflection
@: no status effects
A: sickness immunity, AC +7, negative energy resistance 1, electricity
resistance, torment resistance 1, petrification resistance
a: Renounce Religion, Channel Magic


You were on level 8 of the Dungeon.
You worshipped Sif Muna.
Sif Muna was aware of your devotion.
You visited 2 branches of the dungeon, and saw 9 of its levels.

You collected 510 gold pieces.

Inventory:

Hand Weapons
 n - a +0 sling
 r - a +2 dagger of venom
 A - the +7 Throatcutter (weapon) {drain, coup de grace}
   (You found it on level 4 of the Dungeon)
Missiles
 b - a throwing net
 t - 12 poisoned darts (quivered)
Armour
 a - a +0 robe
 f - a +1 leather armour
 j - a +2 pair of boots (worn)
 w - +0 steam dragon scales (worn)
Jewellery
 c - a +5 ring of evasion (left hand)
 g - a ring of fire
 i - an amulet of reflection (around neck)
 F - the ring "Xosorghub" (right hand) {Will+ Str+5}
   (You found it on level 6 of the Dungeon)

   [ring of willpower]

   Str+5:     It affects your strength (+5).
   Will+:     It increases your willpower.
Wands
 k - a wand of paralysis (1)
 m - a wand of flame (46)
Scrolls
 d - a scroll of fog
 l - 3 scrolls of teleportation
 q - 2 scrolls of blinking
 v - 2 scrolls of enchant armour
Potions
 e - a potion of ambrosia {unknown}
 h - a potion of enlightenment {unknown}
 o - 5 potions of attraction
 p - a potion of might {unknown}
 s - 2 potions of heal wounds {unknown}
 u - a potion of magic
 x - a potion of mutation {unknown}
 z - 2 potions of berserk rage
 G - 2 potions of cancellation


   Skills:
 + Level 5.7 Fighting
 + Level 4.8 Armour
 - Level 3.1 Dodging
 - Level 2.1 Stealth
 + Level 5.0 Spellcasting
 * Level 7.3 Conjurations
 - Level 2.0 Transmutations
 * Level 9.5 Earth Magic
 + Level 1.2 Invocations


You had 9 spell levels left.
You knew the following spells:

 Your Spells              Type           Power      Damage    Failure   Level
a - Sandblast             Erth           86%        2d18      1%          1
b - Stone Arrow           Conj/Erth      76%        3d11      1%          3
c - Passwall              Tmut/Erth      23%        N/A       1%          2
d - Petrify               Tmut/Erth      28%        N/A       11%         4

Your spell library contained the following spells:

 Spells                   Type           Power      Damage    Failure   Level
 Iskenderun's Battlesphe  Conj           34%        2d9       16%         5
 Fireball                 Conj/Fire      9%         3d6       56%         5
 Conjure Ball Lightning   Conj/Air       9%         3x3d6     98%         6
 Orb of Destruction       Conj           17%        9d7       99%         7


Dungeon Overview and Level Annotations

Branches:
Dungeon (8/15)             Temple (1/1) D:5
   Lair: D:8-11

Altars:
Ashenzari
Cheibriados
Dithmenos
Elyvilon
Fedhas
Gozag
Hepliaklqana
Kikubaaqudgha
Makhleb
Nemelex Xobeh
Okawaru
Qazlal
Ru
Sif Muna
Trog
Uskayaw
Vehumet
Wu Jian
Xom
Yredelemnul
Zin
The Shining One

Shops:
D:2 *   D:7 (

Annotations:
D:5 3 runed translucent doors, bigkahunaiguess's ghost, novice DsGl


Innate Abilities, Weirdness & Mutations

You are immune to sickness and miasma.
Your stone body is resilient. (AC +7)
You are immune to poison.
You resist negative energy. (rN+)
You are resistant to electric shocks. (rElec)
You are resistant to unholy torment.
You are immune to petrification.


Message History

Confirm with . or Enter, or press ? or * to list all spells.
Aiming: Stone Arrow (safe; 1% risk of failure)
Press: ? - help, Shift-Dir - straight line, f/p - boulder beetle
Aim: a boulder beetle (100% to hit)
The stone arrow hits the boulder beetle but does no damage.
You hear two shouts!
The boulder beetle misses you.
You hit the boulder beetle but do no damage.
The boulder beetle leaps!
The boulder beetle barely misses you.
A two-headed ogre comes into view. It is wielding two +0 giant clubs.
Okay, then.
The boulder beetle attacks as it pursues you!
The boulder beetle bites you!
You slash the boulder beetle! You drain the boulder beetle.
The boulder beetle is moderately wounded.
The boulder beetle closely misses you.
You hit the boulder beetle.
The boulder beetle is moderately wounded.
The boulder beetle bites you but does no damage.
You hit the boulder beetle but do no damage.
The boulder beetle is moderately wounded.
The boulder beetle leaps!
The boulder beetle curls into a ball and begins rolling!
You barely miss the two-headed ogre. The two-headed ogre misses you.
The two-headed ogre hits you but does no damage.
You barely miss the two-headed ogre.
The boulder beetle stops rolling and uncurls.
You block the two-headed ogre's attack.
The two-headed ogre hits you with a +0 giant club!!
Casting: Stone Arrow (safe; 1% risk of failure)
Confirm with . or Enter, or press ? or * to list all spells.
Aiming: Stone Arrow (safe; 1% risk of failure)
Press: ? - help, Shift-Dir - straight line, f/p - boulder beetle
Aim: a boulder beetle (lightly wounded, lightly drained, 100% to hit)
The stone arrow hits the two-headed ogre!!
The two-headed ogre is heavily wounded.
The two-headed ogre hits you with a +0 giant club!!
* * * LOW HITPOINT WARNING * * *
The two-headed ogre hits you with a +0 giant club!
You die...

##............
###.............
#...............
#....########...............
#...........................
#..........########.........
#
#..########.......#.........
##
#..#.......######.#.........
.### #..#.######@....#
........
#..###..#.#...BO####.# .....
##..##..#.#.####°..# ....
##.....#.#.# ##.# ....
##....#.#.# # ... #....#.#.#
.. #.....#.# . #.....#.#
#........#.#


You could see a boulder beetle (drained) and a two-headed ogre.

Vanquished Creatures
  6 yaks (D:7)
  Eustachio (D:5)
  A steam dragon (D:8)
  Menkaure (D:5)
  3 water moccasins
  An orc warrior (D:8)
  2 ice beasts
  An ogre (D:5)
  A centaur (D:7)
  A phantom (D:7)
  A kobold brigand (D:4)
  3 bullfrogs (D:7)
  A gnoll sergeant (D:7)
  A scorpion (D:6)
  6 wights
  2 howler monkeys (D:7)
  2 jellies
  An orc priest (D:8)
  4 hounds (D:5)
  3 sleepcaps
  Jessica (D:2)
  2 orc wizards
  12 gnolls
  3 adders
  2 shadow imps
  2 white imps
  2 ufetubi
  A worm (D:5)
  A dart slug (D:5)
  17 orcs
  4 bats
  7 endoplasms
  3 giant cockroaches
  16 goblins
  6 hobgoblins
  2 quokkas
  3 ball pythons
  A frilled lizard (D:2)
  12 kobolds
  A rat (D:1)
140 creatures vanquished.

Notes
Turn   | Place    | Note
-------+----------+-------------------------------------------
     0 | D:1      | garrulousMonolith the Gargoyle Earth Elementalist began the
                  | quest for the Orb.
     0 | D:1      | Reached XP level 1. HP: 10/10 MP: 3/3
   380 | D:1      | Reached XP level 2. HP: 16/16 MP: 3/5
  1071 | D:2      | Reached skill level 1 in Transmutations
  1118 | D:2      | Reached skill level 1 in Fighting
  1118 | D:2      | Reached skill level 4 in Earth Magic
  1118 | D:2      | Reached XP level 3. HP: 18/20 MP: 0/6
  1124 | D:1      | Learned a level 3 spell: Stone Arrow
  1127 | D:1      | Learned a level 2 spell: Passwall
  1419 | D:2      | Reached skill level 1 in Conjurations
  1626 | D:2      | Found Bixkus's Assorted Antiques.
  1661 | D:2      | Found a faded altar of an unknown god.
  1666 | D:2      | Reached XP level 4. HP: 17/25 MP: 5/7
  1915 | D:2      | Noticed Jessica
  1921 | D:2      | Killed Jessica
  2145 | D:3      | Reached XP level 5. HP: 30/30 MP: 6/8
  3057 | D:4      | Found an opulent altar of Gozag.
  3057 | D:4      | Found a bloodstained altar of Trog.
  3363 | D:4      | Found the +7 Throatcutter {drain, coup de grace}
  3363 | D:4      | Noticed a kobold brigand
  3387 | D:4      | Killed a kobold brigand
  3388 | D:4      | Reached skill level 5 in Earth Magic
  3388 | D:4      | Reached XP level 6. HP: 26/35 MP: 8/10
  3608 | D:5      | Entered Level 5 of the Dungeon
  3608 | D:5      | Found a sacrificial altar of Ru.
  3635 | D:5      | Noticed a water moccasin
  3646 | D:5      | Killed a water moccasin
  3647 | D:5      | Reached XP level 7. HP: 34/40 MP: 8/11
  3758 | D:5      | Reached skill level 1 in Armour
  3863 | D:5      | Reached skill level 6 in Earth Magic
  3875 | D:5      | Noticed Menkaure
  3883 | D:5      | Killed Menkaure
  4135 | D:5      | Noticed Eustachio
  4171 | D:5      | Killed Eustachio
  4172 | D:5      | Reached XP level 8. HP: 42/46 MP: 5/13
  4255 | D:5      | Found a staircase to the Ecumenical Temple.
  4333 | Temple   | Entered the Ecumenical Temple
  4340 | Temple   | Became a worshipper of Sif Muna the Loreminder
  4368 | D:5      | Found a runed translucent gate.
  4368 | D:5      | Found a runed translucent gate.
  4369 | D:5      | Found a runed translucent gate.
  4369 | D:5      | Noticed bigkahunaiguess's ghost (novice DsGl)
  4444 | D:5      | Found a basalt altar of Yredelemnul.
  4481 | D:5      | Found a hide-covered altar of Uskayaw.
  4808 | D:6      | Identified the ring "Xosorghub" {Will+ Str+5}
  4851 | D:6      | Reached skill level 7 in Earth Magic
  5802 | D:6      | Reached skill level 5 in Conjurations
  6043 | D:7      | Noticed a yak
  6050 | D:7      | Found Cickueg's Weapon Shop.
  6073 | D:7      | Reached * piety under Sif Muna
  6083 | D:7      | Reached XP level 9. HP: 29/52 MP: 1/15
  6263 | D:7      | Reached skill level 8 in Earth Magic
  6285 | D:7      | Reached skill level 5 in Fighting
  6650 | D:7      | Reached skill level 9 in Earth Magic
  7061 | D:7      | Learned a level 4 spell: Petrify
  7177 | D:8      | Reached XP level 10. HP: 51/59 MP: 6/17
  7286 | D:8      | Reached skill level 1 in Invocations
  7296 | D:8      | Reached skill level 5 in Spellcasting
  7579 | D:8      | Noticed a boulder beetle
  7582 | D:8      | Noticed a two-headed ogre
  7589 | D:8      | Slain by a two-headed ogre

Illustrated notes

Levels and vault maps discovered:
D:1:      heliophobic_arrival_henge, layout_basic, serial_forest,
          infiniplex_forest_lined_3, infiniplex_forest_clump_small,
          infiniplex_forest_lined_2, infiniplex_forest_clump_double,
          infiniplex_forest_join, infiniplex_forest_lined_1,
          infiniplex_forest_corner_1, infiniplex_forest_lined_room_3
D:2:      layout_rooms, serial_shops, shop_fountains,
          shapermc_ecumenical_altar_mp_highgroup, uniq_jessica
D:3:      layout_loops_ring
D:4:      layout_cave_pools, mainiacjoe_overflow_large_starburst,
          dilly_guarded_unrand_throatcut
D:5:      lemuel_ice_spiral_2, layout_basic, mainiacjoe_overflow_tiny_flanked,
          mainiacjoe_overflow_swirl, minmay_temple_entry_junction,
          ebering_ghost_rock_garden, minmay_misc_feat_cross, nicolae_titane,
          uniq_eustachio, uniq_menkaure
D:6:      corexii_shack_village, layout_basic
D:7:      layout_basic, serial_shops, shop, serial_aquarium,
          aquarium_bridge_long_joined [aquarium_subvault_window,
          aquarium_subvault_wall, aquarium_subvault_bridge,
          aquarium_subvault_balcony, aquarium_subvault_bridge,
          aquarium_subvault_bridge], aquarium_window_fake, aquarium_window_fake,
          aquarium_window_fake, aquarium_view_2g, aquarium_view_2b,
          aquarium_balcony_3b, aquarium_pool_1
D:8:      minmay_distorted_concentric_squares, layout_cave_pods,
          serial_column_ruins, column_ruins_hut_ruined, column_ruins_hut_ruined,
          column_ruins_corridor_straight, column_ruins_open_small,
          column_ruins_grid_1, uniq_maurice
Temple:   minmay_crystal_spiral_temple

Skill      XL: |  1  2  3  4  5  6  7  8  9 10 |
---------------+-------------------------------+-----
Transmutations | 1 2 |  2.0
Fighting       | 1 2 3 4 5 |  5.7
Earth Magic    | 4 5 6 7 9 |  9.5
Conjurations   | 1 2 4 5 7 |  7.3
Dodging        | 2 3 |  3.1
Spellcasting   | 3 4 5 |  5.0
Armour         | 2 3 4 |  4.8
Invocations    | 1 |  1.2
Stealth        | |  2.1

Action                     |  1- 3 |  4- 6 |  7- 9 | 10-12 || total
---------------------------+-------+-------+-------+-------++-------
  Melee: Short sword       |   107 |    17 |       |       ||   124
         Punch             |     3 |       |     1 |       ||     4
         Dagger            |       |    37 |       |       ||    37
         Long sword        |       |    13 |    56 |     8 ||    77
   Cast: Sandblast         |    34 |    55 |   119 |    12 ||   220
         Stone Arrow       |       |       |    17 |     8 ||    25
    Use: Potion            |     1 |       |     2 |       ||     3
         Scroll            |       |     1 |    14 |       ||    15
 Armour: Robe              |     7 |     6 |       |       ||    13
         Leather armour    |       |    21 |    71 |       ||    92
         Steam dragon scal |       |       |     2 |    13 ||    15
  Dodge: Dodged            |    10 |    54 |   124 |    14 ||   202
  Block: Other             |     5 |    18 |    46 |     2 ||    71
         Reflection        |     1 |     2 |     1 |       ||     4

Table legend: (Time is in decaauts)
 A = Elapsed time spent in this place.
 B = Non-inter-level travel time spent in this place.
 C = Inter-level travel time spent in this place.
 D = Time resting spent in this place.
 E = Time spent auto-exploring this place.
 F = Levels seen in this place.
 G = Mean time per level.
                   A        B        C        D        E       F      G
               +--------+--------+--------+--------+--------+-----+--------+
         Total |   7731 |   7513 |    218 |   1439 |   4792 |   9 |  859.0 |
       Dungeon |   7716 |   7511 |    205 |   1439 |   4792 |   8 |  964.5 |
        Temple |     14 |      2 |     12 |      0 |      0 |   1 |   14.0 |
               +--------+--------+--------+--------+--------+-----+--------+

Top non-repeatable levels by time:
     D:6: 1410 daAuts
     D:1: 1365 daAuts
     D:7: 1124 daAuts
     D:5: 1000 daAuts
     D:3: 791 daAuts
     D:2: 790 daAuts
     D:4: 706 daAuts
     D:8: 527 daAuts
  Temple: 14 daAuts
